 Dungeon Crawl Stone Soup version 0.30-a0-702-gdf48620a09 (webtiles) character file.

Game seed: 4076375711217106890

30996 bmack86 the Cleaver (level 13, -1/114 HPs)
             Began as a Minotaur Fighter on Jan 22, 2023.
             Was a High Priest of Okawaru.
             Slain by a catoblepas (7 damage)
             ... while petrified by a catoblepas
             ... on level 3 of the Lair of Beasts.
             The game lasted 00:34:35 (15812 turns).

bmack86 the Cleaver (Minotaur Fighter)             Turns: 15812, Time: 00:34:36

Health: -1/114     AC: 19    Str: 20    XL:     13   Next: 23%
Magic:  0/19       EV:  2    Int:  9    God:    Okawaru [*****.]
Gold:   674        SH:  0    Dex: 12    Spells: 12/12 levels left

rFire   . . .      SeeInvis .    B - +4 war axe (freeze)
rCold   + + .      Faith    .    c - +0 buckler
rNeg    + + +      Spirit   +    C - +1 plate armour of Salvation {rC++ Will+ Str-4 Int+4}
rPois   ∞          Reflect  .    E - +2 hat
rElec   .          Harm     +    p - scarf {harm}
rCorr   .          Rampage  .    m - +0 pair of gloves
Will    ++...                    (no boots) Stlth
                                 y - amulet of guardian spirit
HPRegen 0.39/turn                I - ring of willpower
MPRegen 0.16/turn                s - +5 ring of evasion

@: petrified, studying Maces & Flails
A: horns 2, retaliatory headbutt
a: Renounce Religion, Heroism, Finesse, Duel


You were on level 3 of the Lair of Beasts.
You worshipped Okawaru.
Okawaru was extremely pleased with you.
You visited 3 branches of the dungeon, and saw 14 of its levels.
You also visited: Ossuary.

You collected 674 gold pieces.

Inventory:

Hand Weapons
 f - a +0 hand axe of flaming
 i - a +1 hand axe of freezing
 B - a +4 war axe of freezing (weapon)
 H - a +1 broad axe
Missiles
 n - 35 poisoned darts (quivered)
 w - 6 throwing nets
 L - a javelin
 N - 3 atropa-tipped darts
Armour
 c - a +0 buckler (worn)
 m - a +0 pair of gloves (worn)
 p - a scarf of harm (worn)
 r - a +1 plate armour
 C - the +1 plate armour of Salvation (worn) {rC++ Will+ Str-4 Int+4}
   (You found it on level 1 of the Lair of Beasts)

   Str:       It affects your strength (-4).
   Int:       It affects your intelligence (+4).
   rC:        It greatly protects you from cold.
   Will:      It increases your willpower.
 E - a +2 hat (worn)
Jewellery
 a - a +6 ring of intelligence
 g - a ring of see invisible
 s - a +5 ring of evasion (right hand)
 t - an amulet of magic regeneration
 y - an amulet of guardian spirit (around neck)
 G - an amulet of faith
 I - a ring of willpower (left hand)
 J - a +6 ring of dexterity
Wands
 z - a wand of roots (11)
 K - a wand of flame (7)
Scrolls
 e - 4 scrolls of teleportation
 l - 3 scrolls of blinking
 M - a scroll of fog
Potions
 b - 6 potions of cancellation
 d - 4 potions of might
 h - 4 potions of haste
 j - 5 potions of lignification
 k - 7 potions of flight
 o - 5 potions of curing
 q - a potion of ambrosia
 u - a potion of berserk rage
 v - 3 potions of attraction
 x - a potion of magic {unknown}
 A - a potion of heal wounds
 D - 4 potions of brilliance
 F - 2 potions of mutation {unknown}


   Skills:
 + Level 10.7 Fighting
 * Level 14.3 Axes
 + Level 8.3 Throwing
 + Level 10.8 Armour
 + Level 10.6 Shields
 * Level 10.3 Invocations


You had 12 spell levels left.
You didn't know any spells.
Your spell library contained the following spells:

 Spells                   Type           Power      Damage    Failure   Level
 Magic Dart               Conj           0%         1d3       100%        1
 Sandblast                Erth           0%         2d4       100%        1
 Shock                    Conj/Air       0%         1d3       100%        1
 Passwall                 Tmut/Erth      0%         N/A       100%        2
 Searing Ray              Conj           0%         2d4       100%        2
 Frozen Ramparts          Ice            0%         1d1       100%        3
 Gell's Gravitas          Tloc           0%         N/A       100%        3
 Stone Arrow              Conj/Erth      0%         3d7       100%        3
 Swiftness                Air            0%         N/A       100%        3
 Teleport Other           Tloc           0%         N/A       100%        3
 Airstrike                Air            0%         2d(0-16)  100%        4
 Fulminant Prism          Conj/Hex       0%         3d5       100%        4
 Ice Form                 Ice/Tmut       0%         N/A       100%        4
 Dispersal                Tloc           0%         N/A       100%        6
 Summon Ice Beast         Ice/Summ       Unusable   N/A       N/A         4

Dungeon Overview and Level Annotations

Branches:
Dungeon (10/15)            Temple (1/1) D:7            Lair (3/5) D:8
 Shoals (0/4) Lair:2       Spider (0/4) Lair:2          Orc (0/2) D:9
Ossuary (visited)

Altars:
Ashenzari
Cheibriados
Dithmenos
Elyvilon
Fedhas
Gozag
Hepliaklqana
Kikubaaqudgha
Makhleb
Nemelex Xobeh
Okawaru
Qazlal
Ru
Sif Muna
Trog
Uskayaw
Vehumet
Wu Jian
Xom
Yredelemnul
Zin
The Shining One

Annotations:
D:2 1 runed translucent door, Crazy Yiuf
D:3 3 runed translucent doors, Nabski's ghost, amateur TeFE


Innate Abilities, Weirdness & Mutations

You have a pair of horns on your head.
You reflexively headbutt those who attack you in melee.


Message History

The helpless dream sheep fails to defend itself.
You hit the dream sheep. You freeze the dream sheep.
You are engulfed in calcifying dust.
The dream sheep is engulfed in calcifying dust.
The elephant tramples you!
* * * LOW HITPOINT WARNING * * *
You hold your ground!
The elephant closely misses you.
The dream sheep are wreathed in dream dust.
You feel drowsy...
You can't fall asleep in your current state!
You block the dream sheep's attack.
You have turned to stone.
You are engulfed in calcifying dust.
The elephant tramples you.
* * * LOW HITPOINT WARNING * * *
You hold your ground!
The elephant trunk-slaps you but does no damage.
The catoblepas breathes a plume of calcifying dust at you.
The blast of calcifying dust hits the dream sheep!
The dream sheep dies!
The blast of calcifying dust hits you.
* * * LOW HITPOINT WARNING * * *
The dream sheep bites you but does no damage.
The dream sheep is engulfed in calcifying dust.
You are engulfed in calcifying dust.
The dream sheep bites you but does no damage.
The dream sheep is engulfed in calcifying dust.
The elephant tramples you!
* * * LOW HITPOINT WARNING * * *
You hold your ground!
The elephant trunk-slaps you but does no damage.
The dream sheep bites you but does no damage.
The dream sheep is engulfed in calcifying dust.
The elephant tramples you!
* * * LOW HITPOINT WARNING * * *
You hold your ground!
The elephant trunk-slaps you. The catoblepas gores you!!
* * * LOW HITPOINT WARNING * * *
The dream sheep bites you but does no damage.
The dream sheep bites you but does no damage.
The elephant tramples you but does no damage.
The elephant trunk-slaps you but does no damage.
The catoblepas gores you!
You die...

. # ..........# .
..........# . ..........#
. .#.......P ..##
.........## ...###
#......Y.# ......
#....YYY# ...... #....Y@#
.... #.. #....Y§#######
..# #..# #.###.#......#
<## #..#### ##........##
..# ##..##.###..........#
..###...P#.#.#P........P#
........)..............##
................<......#
......†..÷......#......#


You could see a catoblepas, an elephant and 4 dream sheep.

Vanquished Creatures
  A boulder beetle (Lair:3)
  3 death yaks (Lair:3)
  Pikel (D:7)
  10 elephants
  Joseph (D:7)
  2 black mambas (Lair:2)
  4 cane toads
  A gargoyle (D:10)
  Psyche (D:9)
  An unseen horror (D:10)
  A rime drake (Lair:2)
  2 tengu conjurers (D:10)
  10 komodo dragons
  2 trolls (D:10)
  10 blink frogs
  2 hornets
  5 dream sheep
  Prince Ribbit (D:7)
  Sigmund (D:2)
  A vampire (D:10)
  A shadow (D:9)
  A wraith (D:10)
  45 yaks
  3 wyverns (D:8)
  3 basilisks
  A vampire mosquito (D:10)
  A redback (Lair:2)
  Menkaure (D:6)
  3 steam dragons
  Duvessa (D:7)
  12 water moccasins
  An orc warrior (D:9)
  An ice beast (D:6)
  An ogre (D:6)
  13 wolves
  5 centaurs
  A phantom (D:4)
  3 kobold brigands
  Blork the orc (D:5)
  10 bullfrogs
  3 gnoll sergeants
  2 scorpions (D:6)
  10 wights
  Dowan (D:7)
  2 killer bees (D:10)
  2 howler monkeys (D:9)
  4 electric eels (D:9)
  A jelly (D:5)
  A gnoll bouda (D:8)
  8 orc priests
  2 iguanas
  8 orc wizards
  5 hell rats (Lair:3)
  A mummy (Ossuary)
  3 adders
  24 gnolls
  A shadow imp (D:6)
  2 white imps
  2 ufetubi
  3 worms
  2 dart slugs
  27 orcs
  5 spectral bats (Ossuary)
  8 endoplasms
  6 giant cockroaches
  5 goblins
  3 hobgoblins
  4 jackals (D:1)
  8 ball pythons
  9 bats
  A bat simulacrum (Ossuary)
  A frilled lizard (D:2)
  12 gnoll zombies (Ossuary)
  3 goblin simulacra (Ossuary)
  2 goblin zombies (Ossuary)
  4 hobgoblin zombies (Ossuary)
  15 kobolds
  5 kobold simulacra (Ossuary)
  7 kobold zombies (Ossuary)
  5 orc zombies (Ossuary)
  6 rats
  2 rat simulacra (Ossuary)
  3 spectral goblins (Ossuary)
  3 spectral kobolds (Ossuary)
  A spectral rat (Ossuary)
  2 bushes
402 creatures vanquished.

Vanquished Creatures (others)
  A dream sheep (Lair:3)
  A kobold (D:9)
  A bush (D:8)
  A demonic plant (D:1)
  17 fungi
  54 plants
75 creatures vanquished.

Grand Total: 477 creatures vanquished

Notes
Turn   | Place    | Note
-------+----------+-------------------------------------------
     0 | D:1      | bmack86 the Minotaur Fighter began the quest for the Orb.
     0 | D:1      | Reached XP level 1. HP: 19/19 MP: 0/0
   141 | D:1      | Reached XP level 2. HP: 18/27 MP: 1/1
   341 | D:1      | Reached skill level 3 in Axes
   471 | D:1      | Found a faded altar of an unknown god.
   471 | D:1      | Noticed an ice devil
   616 | D:1      | Reached XP level 3. HP: 30/33 MP: 2/2
  1734 | D:2      | Noticed Sigmund
  1751 | D:2      | Killed Sigmund
  1752 | D:2      | Reached skill level 4 in Axes
  1752 | D:2      | Reached skill level 1 in Throwing
  1752 | D:2      | Reached XP level 4. HP: 5/41 MP: 3/3
  1752 | D:2      | Reached XP level 5. HP: 5/47 MP: 4/4
  1923 | D:2      | Found a runed translucent door.
  1924 | D:2      | Noticed Crazy Yiuf
  2053 | D:3      | Found a runed translucent gate.
  2053 | D:3      | Found a runed translucent gate.
  2054 | D:3      | Found a runed translucent gate.
  2055 | D:3      | Noticed Nabski's ghost (amateur TeFE)
  2220 | D:3      | Reached XP level 6. HP: 52/53 MP: 5/5
  2920 | D:4      | Reached skill level 5 in Axes
  3278 | D:4      | Reached skill level 5 in Fighting
  3369 | D:4      | Found a broken altar of Ashenzari.
  3446 | D:4      | Found a glowing silver altar of Zin.
  3670 | D:5      | Entered Level 5 of the Dungeon
  3675 | D:5      | Reached skill level 5 in Armour
  3798 | D:5      | Reached skill level 5 in Shields
  3805 | D:5      | HP: 2/55 [gnoll/+0 club of chaos (17)]
  4001 | D:5      | Found a shimmering altar of Xom.
  4133 | D:5      | Reached XP level 7. HP: 61/61 MP: 6/6
  4545 | D:5      | Noticed Blork the orc
  4555 | D:5      | Killed Blork the orc
  4556 | D:5      | Reached skill level 6 in Axes
  4929 | D:6      | Found a sparkling altar of Nemelex Xobeh.
  5117 | D:6      | Reached XP level 8. HP: 54/70 MP: 7/7
  5174 | D:6      | Noticed Menkaure
  5585 | D:6      | Killed Menkaure
  5586 | D:6      | Reached skill level 7 in Axes
  5862 | D:7      | Found a sacrificial altar of Ru.
  6176 | D:7      | Found a staircase to the Ecumenical Temple.
  6201 | Temple   | Entered the Ecumenical Temple
  6422 | Temple   | Became a worshipper of Warmaster Okawaru
  6581 | D:7      | Noticed Joseph
  6598 | D:7      | Killed Joseph
  6599 | D:7      | Reached skill level 8 in Axes
  6851 | D:7      | Noticed Dowan
  6852 | D:7      | Noticed Duvessa
  6853 | D:7      | Noticed Prince Ribbit
  6855 | D:7      | Noticed Pikel
  6856 | D:7      | Killed Dowan
  6866 | D:7      | Killed Pikel
  6866 | D:7      | Reached * piety under Okawaru
  6866 | D:7      | Killed Duvessa
  6867 | D:7      | Reached XP level 9. HP: 19/78 MP: 3/10
  7308 | D:7      | Killed Prince Ribbit
  7556 | D:8      | Reached skill level 9 in Axes
  7565 | D:8      | Reached ** piety under Okawaru
  7708 | D:8      | Found a sand-covered staircase.
  7720 | Ossuary  | Entered an ossuary
  8184 | D:8      | Reached skill level 5 in Throwing
  8510 | D:8      | Reached XP level 10. HP: 73/86 MP: 10/12
  8580 | D:8      | Reached skill level 5 in Invocations
  8583 | D:8      | Reached *** piety under Okawaru
  8585 | D:8      | Reached skill level 10 in Axes
  8632 | D:8      | Found a staircase to the Lair.
  8956 | D:8      | Reached **** piety under Okawaru
 10486 | D:9      | Found a shadowy altar of Dithmenos.
 10536 | D:9      | Reached skill level 11 in Axes
 10677 | D:9      | Found a staircase to the Orcish Mines.
 10723 | D:9      | Noticed Psyche
 10731 | D:9      | Killed Psyche
 10731 | D:9      | Reached ***** piety under Okawaru
 10731 | D:9      | Received a gift from Okawaru
 10732 | D:9      | Reached XP level 11. HP: 68/95 MP: 9/15
 11022 | D:10     | Entered Level 10 of the Dungeon
 11609 | D:10     | Reached skill level 12 in Axes
 12059 | Lair:1   | Entered Level 1 of the Lair of Beasts
 12589 | Lair:1   | Identified the +1 plate armour of Salvation {rC++ Will+
                  | Str-4 Int+4}
 12723 | Lair:1   | Identified the +4 scale mail of Mezcal {SInv Stlth+}
                  | (Okawaru gifted it to you on level 1 of the Lair of Beasts)
 12723 | Lair:1   | Received a gift from Okawaru
 12737 | Lair:1   | Reached XP level 12. HP: 41/105 MP: 2/17
 13405 | Lair:2   | Found a hole to the Spider Nest.
 13656 | Lair:2   | Reached skill level 13 in Axes
 13656 | Lair:2   | Reached skill level 10 in Armour
 14314 | Lair:2   | Reached skill level 10 in Fighting
 14357 | Lair:2   | Reached skill level 10 in Shields
 14798 | Lair:2   | Found a staircase to the Shoals.
 15326 | Lair:3   | Noticed a boulder beetle
 15334 | Lair:3   | Killed a boulder beetle
 15427 | Lair:3   | Received a gift from Okawaru
 15489 | Lair:3   | Noticed a death yak
 15492 | Lair:3   | Noticed a death yak
 15492 | Lair:3   | Noticed a death yak
 15495 | Lair:3   | Reached skill level 14 in Axes
 15496 | Lair:3   | Reached skill level 10 in Invocations
 15496 | Lair:3   | Reached XP level 13. HP: 60/114 MP: 5/19
 15512 | Lair:3   | Received a gift from Okawaru
 15808 | Lair:3   | Identified the +1 pair of gloves "Futtemot" {Will+ Dex-3
                  | Stlth+} (Okawaru gifted it to you on level 3 of the Lair of
                  | Beasts)
 15808 | Lair:3   | Received a gift from Okawaru
 15811 | Lair:3   | HP: 5/114 [catoblepas (9)]
 15812 | Lair:3   | Slain by a catoblepas

Illustrated notes

Levels and vault maps discovered:
D:1:      sevenhm_arrival_forest_fort_small_4, layout_loops_ring,
          dreamdust_ecumenical_altar_sealed_demon
D:2:      layout_basic, uniq_sigmund, uniq_crazy_yiuf_cottage
D:3:      layout_basic, gammafunk_ghost_split, hangedman_glass_teeth
D:4:      layout_cave_pods, general_overflow_altar, overflow_temple_1_default,
          hangedman_decor_growths, st_stairs_6
D:5:      layout_loops_ring, tgw_xom, uniq_blork_the_orc
D:6:      layout_basic, nemelex_spade_bored_becter, uniq_menkaure
D:7:      layout_loops_corners, lemuel_crystal_altar,
          minmay_temple_entry_proselytizer, uniq_pikel, uniq_joseph,
          uniq_duvessa, uniq_prince_ribbit1
D:8:      layout_loops_cross, minmay_lair_entry_grove,
          chequers_ossuary_entry_cave, st_stairs_9, dreamdust_gnoll_shepherd
D:9:      layout_small_grid, grunt_dithmenos_shadows, orc_0_dummy,
          serial_bayou_lagoon_b, uniq_psyche
D:10:     layout_loops_ring, minmay_alternating_orb
Temple:   compressed_dpeg_triangle_lava_temple
Lair:1:   layout_regular_city, chequers_serial_rivers_micro_e,
          grunt_megastairs_4
Lair:2:   nzn_winding_woodlands_cross [nzn_winding_woodlands_5x15_crooked,
          nzn_winding_woodlands_5x15_pockets, nzn_winding_woodlands_5x15_jagged,
          nzn_winding_woodlands_5x15_zeroes,
          nzn_winding_woodlands_15x15_boxy_spiral], layout_gridlike,
          minmay_shoals_entry_centaurs, spider_nest_entry_rubble
Lair:3:   layout_gridlike, ebering_ghost_disaster_area, beast_lair_carwin_4

Skill      XL: |  1  2  3  4  5  6  7  8  9 10 11 12 |
---------------+-------------------------------------+-----
Axes           | 3 4 5 6 8 9 11 12 14 | 14.3
Fighting       | 4 5 6 7 8 9 10 | 10.7
Shields        | 4 5 6 7 8 9 10 | 10.6
Armour         | 4 5 6 7 8 9 10 | 10.8
Throwing       | 1 2 3 4 5 6 7 8 |  8.3
Invocations    | 3 4 6 8 10 | 10.3

Action                   |  1- 3 |  4- 6 |  7- 9 | 10-12 | 13-15 || total
-------------------------+-------+-------+-------+-------+-------++-------
Melee: War axe           |   103 |    91 |   291 |   464 |    40 ||   989
       Headbutt          |    12 |    15 |    58 |    98 |     7 ||   190
Throw: Dart              |       |       |     8 |    33 |       ||    41
Invok: Heroism           |       |       |     1 |     5 |       ||     6
       Finesse           |       |       |       |     3 |       ||     3
  Use: Scroll            |     1 |    10 |     6 |     8 |       ||    25
       Potion            |       |       |       |     1 |     1 ||     2
 Stab: Petrified         |       |       |       |       |    15 ||    15
       Petrifying        |       |       |       |       |     1 ||     1
Armor: Scale mail        |    60 |     2 |       |       |       ||    62
       Plate armour      |       |    38 |   109 |   245 |    38 ||   430
Dodge: Dodged            |    63 |    47 |   149 |   275 |    31 ||   565
Block: Buckler           |    22 |    11 |    87 |   151 |    12 ||   283

Table legend: (Time is in decaauts)
 A = Elapsed time spent in this place.
 B = Non-inter-level travel time spent in this place.
 C = Inter-level travel time spent in this place.
 D = Time resting spent in this place.
 E = Time spent auto-exploring this place.
 F = Levels seen in this place.
 G = Mean time per level.
                   A        B        C        D        E       F      G
               +--------+--------+--------+--------+--------+-----+--------+
         Total |  15870 |  15371 |    499 |   2436 |   8922 |  15 | 1058.0 |
       Dungeon |  11527 |  11085 |    442 |   1551 |   6670 |  10 | 1152.7 |
        Temple |    239 |    222 |     17 |    133 |     68 |   1 |  239.0 |
          Lair |   3681 |   3641 |     40 |    734 |   2174 |   3 | 1227.0 |
       Ossuary |    421 |    421 |      0 |     18 |     10 |   1 |  421.0 |
               +--------+--------+--------+--------+--------+-----+--------+

Top non-repeatable levels by time:
  Lair:2: 1944 daAuts
     D:8: 1794 daAuts
     D:7: 1452 daAuts
     D:9: 1327 daAuts
  Lair:1: 1274 daAuts
     D:6: 1113 daAuts
     D:5: 1105 daAuts
     D:2: 1045 daAuts
    D:10: 1002 daAuts
     D:1: 979 daAuts
     D:3: 892 daAuts
     D:4: 813 daAuts
  Lair:3: 462 daAuts
 Ossuary: 421 daAuts
  Temple: 239 daAuts
